 Dungeon Crawl Stone Soup version 0.24.1-8-ga250c9d538 (webtiles) character file.

Game seed: 15988629539424111355, levelgen mode: deterministic

80 Hugehornet the Changer (level 4, 0/28 HPs)
             Began as an Octopode Transmuter on May 3, 2020.
             Slain by an orc (4 damage)
             ... on level 3 of the Dungeon.
             The game lasted 00:03:11 (2534 turns).

Hugehornet the Changer (Octopode Transmuter)        Turns: 2534, Time: 00:03:11

Health: 0/28       AC:  2    Str:  9    XL:     4   Next: 39%
Magic:  5/7        EV: 19    Int: 16    God:
Gold:   95         SH:  0    Dex: 17    Spells: 1/7 levels left

rFire    . . .     SeeInvis .     - Unarmed
rCold    . . .     Gourm    .   (shield currently unavailable)
rNeg     . . .     Faith    .   (helmet currently unavailable)
rPois    x         Spirit   .   (no amulet)
rElec    .         Reflect  .   (no ring)
rCorr    .         Harm     .   (no ring)
MR       .....                  (no ring)
Stlth    ++........             (no ring)
HPRegen  0.09/turn              (no ring)
MPRegen  0.10/turn              (no ring)
                                (no ring)
                                (no ring)

@: lethally poisoned (0 -> -6), spider-form (expiring)
A: tiny, almost no armour, stealthy swim, (amphibious), 8 rings, (constrict 8)
a: End Transformation


You were on level 3 of the Dungeon.
You were near starving.
You were a venomous arachnid creature.
You visited 1 branch of the dungeon, and saw 3 of its levels.

You collected 95 gold pieces.

Inventory:

Missiles
 a - 46 arrows
Scrolls
 d - 3 scrolls of teleportation {unknown}
 f - a scroll of remove curse {unknown}
 g - a scroll of amnesia {unknown}
 k - 2 scrolls of identify {unknown}
Potions
 b - a potion of magic {unknown}
 e - a potion of berserk rage {unknown}
 h - a potion of ambrosia {unknown}
 i - a potion of flight {unknown}
 j - a potion of degeneration {unknown}
Comestibles
 c - 3 rations


   Skills:
 - Level 1.0 Fighting
 - Level 2.0 Dodging
 + Level 0.5 Stealth
 * Level 3.2 Unarmed Combat
 + Level 2.0 Spellcasting
 * Level 4.1 Transmutations
 + Level 0.5 Poison Magic


You had one spell level left.
You knew the following spells:

 Your Spells              Type           Power        Failure   Level  Hunger
a - Beastly Appendage     Tmut           ##....       12%         1    #......
b - Sticks to Snakes      Tmut           ##......     16%         2    ###....
c - Spider Form           Tmut/Pois      #.........   45%         3    ###....

Your spell library contained the following spells:

 Spells                   Type           Power        Failure   Level  Hunger
 Confusing Touch          Hex            #.....       41%         1    #......
 Confuse                  Hex            #.......     73%         3    ###....
 Gell's Gravitas          Tloc           #.........   73%         3    ###....
 Ice Form                 Ice/Tmut       #.......     83%         4    #####..
 Petrify                  Tmut/Erth      #.......     83%         4    #####..
 Blade Hands              Tmut           ##........   87%         5    ######.
 Yara's Violent Unravell  Hex/Tmut       #.........   98%         5    ######.
 Metabolic Englaciation   Hex/Ice        #.........   100%        5    ######.


Dungeon Overview and Level Annotations

Branches:
Dungeon (3/15)

Altars:


Innate Abilities, Weirdness & Mutations

You cannot wear most types of armour.
You are very stealthy in the water. (Stealth+)
((You are amphibious.))
You can wear up to eight rings at the same time.
((You can use your tentacles to constrict eight enemies at once.))
((Your skin changes colour to match your surroundings (Stealth+).))
((Your rubbery body absorbs attacks. (AC +1, EV +1)))


Message History

* * * LOW HITPOINT WARNING * * *
You feel sick. The worm misses you.
You hit the worm.
The worm looks as sick as possible!
The worm is almost dead.
You kill the worm!
You barely miss the orc priest.
* * * LOW HITPOINT WARNING * * *
You feel sick.
You hit the orc but do no damage.
The orc is poisoned.
You hit the orc but do no damage.
The orc looks even sicker.
* * * LOW HITPOINT WARNING * * *
You feel sick. The orc closely misses you.
You hit the orc but do no damage.
The orc looks as sick as possible!
Your transformation is almost over.
* * * LOW HITPOINT WARNING * * *
You feel sick. The orc barely misses you.
You hit the orc but do no damage.
The orc looks as sick as possible!
The orc is lightly wounded.
The orc hits you.
You die...

#######
#(....######
###.....##...
..........o#######
#...†.w........#
##.....###...##.#
........oos...##.#
.###.....##...##.#
#..##.##..###.#
#........<...(#
##.##.##..##### #
#.##.....#
#.###.##.# #.#
#.##.# #.##.#


You could see an orc priest and an orc.

Vanquished Creatures
  An adder (D:3)
  3 worms
  A dart slug (D:1)
  4 leopard geckos
  2 orcs
  3 bats (D:1)
  A giant cockroach (D:2)
  3 goblins (D:1)
  8 hobgoblins
  4 jackals (D:1)
  8 kobolds
  A quokka (D:2)
  2 ball pythons (D:1)
  3 frilled lizards
  6 rats
50 creatures vanquished.

Notes
Turn   | Place    | Note
-------+----------+-------------------------------------------
     0 | D:1      | Hugehornet the Octopode Transmuter began the quest for the
                  | Orb.
     0 | D:1      | Reached XP level 1. HP: 13/13 MP: 3/3
    81 | D:1      | Reached XP level 2. HP: 12/18 MP: 3/5
   348 | D:1      | Reached skill level 3 in Transmutations
  1051 | D:1      | Reached XP level 3. HP: 20/23 MP: 6/6
  1550 | D:2      | Learned a level 2 spell: Sticks to Snakes
  1554 | D:2      | Learned a level 3 spell: Spider Form
  1650 | D:2      | Reached skill level 4 in Transmutations
  1842 | D:2      | Reached XP level 4. HP: 9/28 MP: 5/7
  2534 | D:3      | Slain by an orc

Levels and vault maps discovered:
D:1:      psy_arrival_conway, layout_loops_ring
D:2:      layout_loops_corners
D:3:      minmay_chambers_of_threes, layout_loops_ring, old_standard_altar

Skill      XL: |  1  2  3 |
---------------+----------+-----
Transmutations | 3 4 |  4.1
Fighting       | |  1.0
Dodging        | |  2.0
Stealth        | |  0.5
Unarmed Combat | |  3.2
Spellcasting   | |  2.0
Poison Magic   | |  0.5

Action                   |  1- 3 |  4- 6 || total
-------------------------+-------+-------++-------
Melee: Unarmed           |    84 |    37 ||   121
       Kick              |    23 |     9 ||    32
       Constrict         |    25 |     7 ||    32
       Tentacles         |    19 |     1 ||    20
       Punch             |     3 |     1 ||     4
 Cast: Beastly Appendage |    31 |     5 ||    36
       Spider Form       |       |     1 ||     1
 Stab: Sleeping          |     4 |     1 ||     5
  Eat: Chunk             |     3 |     1 ||     4
Armor: Skin              |    10 |       ||    10
Dodge: Dodged            |    46 |    21 ||    67
